Map: Winter Madness LE

Players

IlIlIlIlIlIl

  • Race: Zerg Zerg
  • League: Diamond
  • Spawn Location: 5:00

HoldTheDoor - Winner!

  • Race: Protoss Protoss
  • League: Diamond
  • Spawn Location: 11:00

VOD

Have the link to the VOD?

Description

Time

  • Played on: May 11, 2026, 12:29 p.m.
  • Length: 11:49
Show
View Real Time Build Order
Export as new Build Order

IlIlIlIlIlIl Zerg 

Build Orders: Hatch First, Lurkers 

Get SALT Encoding   

  12  0:01  Drone  
  13  0:08  Drone  
  14  0:16  Overlord  
  14  0:34  Drone x3  
  17  0:45  Drone  
  18  0:57  Drone  
  18  1:00  Hatchery  
  18  1:11  Spawning Pool  
  18  1:13  Drone  
  18  1:28  Overlord  
  18  1:30  Drone  
  19  1:42  Hatchery  
  19  1:46  Drone  
  19  1:50  Drone  
  20  1:58  Queen  
  22  2:03  Drone  
  23  2:12  Queen  
  25  2:17  Zergling x2  
  25  2:20  Zergling x2  
  27  2:26  Drone x2, Extractor  
  28  2:37  Drone x2  
  28  2:40  Roach Warren  
  28  2:43  Drone  
  30  2:48  Drone  
  31  2:57  Drone x3  
  31  2:58  Extractor  
  33  3:09  Overlord  
  33  3:10  Overlord  
  33  3:18  Drone  
  34  3:27  Queen, Drone  
  34  3:28  Drone x6  
  43  3:35  Roach  
  45  3:44  Overlord x2  
  45  3:47  Drone x3  
  48  3:52  Drone  
  48  3:53  Drone  
  50  4:12  Roach  
  50  4:13  Roach x7  
  66  4:19  Overlord x2  
  66  4:27  Overlord  
  66  4:37  Queen  
  68  4:41  Zergling x6  
  68  4:42  Zergling x12  
  68  4:45  Zergling x2  
  78  4:48  Lair  
  78  4:49  Metabolic Boost  
  78  4:51  Zergling x2  
  79  4:53  Zergling x2  
  79  4:59  Ravager  
  81  5:00  Ravager  
  82  5:08  Drone x4  
  82  5:10  Drone  
  82  5:11  Drone  
  82  5:12  Drone, Overlord x2  
  83  5:38  Extractor x2, Spore Crawler  
  83  5:39  Spine Crawler  
  83  5:42  Queen  
  81  5:45  Overseer x2  
  81  5:48  Drone x3  
  84  5:57  Drone x2  
  84  6:03  Queen  
  88  6:10  Hatchery  
  87  6:16  Hydralisk Den  
  86  6:20  Pneumatized Carapace  
  86  6:21  Hatchery  
  86  6:22  Overlord x2  
  86  6:23  Drone  
  86  6:24  Drone x4  
  90  6:37  Drone x2  
  90  6:39  Burrow  
  92  6:47  Lurker Den  
  92  6:48  Drone x6  
  92  7:12  Glial Reconstitution  
  86  7:18  Hydralisk x5  
  86  7:19  Hydralisk x2  
  98  7:30  Ravager  
  98  7:34  Zergling x2  
  98  7:35  Zergling x14  
  107  7:39  Spine Crawler  
  107  7:40  Spine Crawler  
  105  7:47  Drone  
  105  7:50  Lurker x4  
  110  7:52  Drone x4  
  110  7:54  Drone, Extractor  
  110  7:55  Extractor, Drone  
  114  8:08  Drone  
  114  8:09  Hydralisk  
  114  8:11  Spore Crawler  
  116  8:18  Drone x3  
  119  8:21  Overlord x3  
  119  8:29  Hatchery  
  119  8:30  Spine Crawler  
  119  8:31  Drone  
  119  8:32  Drone  
  119  8:33  Spore Crawler  
  118  8:37  Drone  
  119  9:01  Hydralisk x4  
  119  9:02  Hydralisk  
  129  9:03  Overlord  
  129  9:04  Overlord  
  129  9:07  Zergling x2  
  129  9:21  Spore Crawler  
  129  9:22  Lurker x3  
  129  9:23  Lurker, Hydralisk  
  134  9:25  Overlord, Drone  
  134  9:26  Drone x7  
  134  9:27  Spore Crawler  
  140  9:39  Hydralisk  
  140  9:57  Hydralisk x2  
  140  9:59  Lurker x5  
  146  10:00  Drone  
  146  10:01  Drone x3  
  146  10:02  Drone  
  146  10:03  Extractor x2  
  138  10:32  Hydralisk  
  138  10:33  Zergling x2  
  112  10:36  Zergling x2, Roach  
  112  10:41  Spine Crawler, Hydralisk  
  112  10:42  Zergling x2  
  108  10:43  Zergling x8, Roach  
  98  11:01  Hydralisk  
  93  11:06  Hatchery  
  89  11:21  Hydralisk, Zergling x2  
  89  11:22  Hydralisk  
  89  11:24  Lurker x2  
Show
View Real Time Build Order
Export as new Build Order

HoldTheDoor Protoss - Winner!

Build Orders: 1 Gate Expand, Archon Immortal, Archon Drop, Dark Templar Rush 

Get SALT Encoding   

  12  0:00  Probe  
  13  0:13  Probe  
  14  0:21  Pylon  
  14  0:25  Probe  
  15  0:35  Probe  
  15  0:40  Gateway  
  16  0:43  Probe  
  17  0:52  Assimilator  
  17  0:54  Probe  
  18  1:06  Probe  
  19  1:24  Nexus  
  19  1:40  Cybernetics Core  
  19  1:42  Probe  
  20  1:52  Gateway  
  20  1:57  Pylon  
  20  1:59  Assimilator  
  20  2:03  Probe  
  20  2:08  Stalker  
  21  2:15  Probe  
  24  2:24  Warp Gate  
  24  2:27  Probe  
  25  2:36  Adept  
  25  2:39  Probe  
  28  2:44  Probe  
  29  2:51  Probe  
  29  2:53  Pylon  
  29  2:57  Assimilator  
  30  2:59  Probe  
  31  3:09  Twilight Council  
  31  3:13  Probe  
  31  3:15  Probe  
  33  3:22  Pylon  
  33  3:25  Robotics Facility  
  33  3:29  Probe  
  33  3:32  Probe  
  33  3:33  Pylon  
  35  3:41  Probe  
  35  3:48  Dark Shrine  
  36  3:50  Gateway  
  36  3:56  Gateway  
  36  3:58  Probe  
  36  4:01  Probe  
  38  4:07  Warp Prism  
  38  4:11  Probe  
  38  4:13  Probe  
  40  4:23  Probe  
  43  4:26  Pylon  
  43  4:27  Probe  
  44  4:35  Probe  
  45  4:39  Probe  
  45  4:41  Pylon  
  48  4:58  Probe  
  48  4:59  Probe  
  48  5:06  Dark Templar x2  
  48  5:07  Dark Templar x2  
  56  5:37  Pylon  
  56  5:47  Dark Templar x4  
  56  5:48  Immortal  
  68  6:05  Nexus  
  68  6:06  Pylon  
  68  6:13  Archon  
  68  6:14  Archon x2  
  68  6:17  Archon  
  68  6:21  Zealot x4  
  76  6:28  Probe x2  
  78  6:33  Charge  
  78  6:39  Shield Battery  
  78  6:40  Shield Battery, Probe  
  78  6:41  Immortal  
  78  6:42  Pylon  
  78  6:45  Forge  
  78  6:47  Gateway  
  83  6:48  Gateway  
  83  6:50  Gateway  
  83  6:51  Probe  
  83  6:52  Gateway, Probe  
  85  7:11  Zealot x4  
  93  7:17  Protoss Ground Weapons Level 1  
  93  7:32  Pylon  
  93  7:34  Pylon, Immortal  
  93  7:35  Pylon  
  97  7:43  Zealot x2  
  97  7:44  Zealot x4  
  105  7:46  Probe  
  105  7:48  Probe  
  105  7:49  Probe  
  112  7:58  Probe  
  113  8:00  Dark Templar x2, Probe  
  113  8:02  Probe  
  119  8:06  Immortal  
  119  8:08  Archon  
  119  8:10  Probe  
  119  8:12  Probe  
  121  8:14  Probe  
  126  8:25  Gateway x2  
  126  8:35  Zealot x3  
  126  8:36  Zealot x2  
  136  8:43  Observer  
  136  8:48  Photon Cannon  
  137  8:49  Pylon  
  137  8:51  Photon Cannon  
  137  8:52  Photon Cannon  
  137  9:04  Photon Cannon  
  137  9:08  Photon Cannon  
  137  9:14  Photon Cannon  
  135  9:20  Zealot x5  
  135  9:21  Zealot x2  
  147  9:32  Observer  
  142  9:51  Immortal  
  146  9:57  Stalker x2  
  148  10:12  Zealot  
  148  10:13  Zealot  
  146  10:14  Zealot x3  
  146  10:16  Probe x2  
  146  10:17  Probe  
  143  10:28  Probe x2  
  143  10:29  Probe  
  143  10:30  Immortal  
  144  10:37  Stalker x3  
  144  10:40  Probe  
  144  10:41  Probe x2  
  136  10:52  Probe  
  127  11:04  Zealot x3  
  127  11:05  Zealot x7  
  127  11:09  Observer  
  136  11:12  Probe x2  
  136  11:13  Probe  
  139  11:24  Probe x2  
  139  11:25  Probe  
  142  11:36  Probe  
  142  11:37  Probe  
  142  11:39  Zealot x5  
Tags
 
Add a new tag
Caveats
  • Supply blocks, unpowered buildings, or Contaminate may cause inaccurate times.
  • Supply counts are checked every 10 seconds.